[Event "*** Titled Tuesday Blitz"]
[Site "Chess.com"]
[Date "2020.12.29"]
[Round "10"]
[White "Kislov_Oleg"]
[Black "Harsha_Bharathakoti"]
[Result "0-1"]
[WhiteElo "2470"]
[BlackElo "2803"]
[TimeControl "180+1"]
[EndTime "11:55:44 PST"]
[Termination "Harsha_Bharathakoti won by resignation"]

1. e4 c5 2. Nf3 Nc6 3. c3 Nf6 4. e5 Nd5 5. d4 cxd4 6. cxd4 e6 7.
Nc3 Nxc3 8. bxc3 d6 9. exd6 Qxd6 10. Bd3 Be7 11. O-O O-O 12. Qc2 h6 13. a4 b6 14.
Ba3 Qc7 15. Bxe7 Qxe7 16. Rfe1 Qc7 17. Qe2 Bb7 18. Qe4 g6 19. Qh4 Kg7 20. Re3 Qd8 21. Qg4 Qf6 22. h4 Ne7 23. Ne5 Nf5 24. Rh3 h5 25.
Qf4 Rfd8 26. a5 Nd6 27. Qe3 Rac8 28. axb6 axb6 29. c4 Ra8 30. Rb1 Nf5 31. Bxf5 exf5 32. d5 f4 33. Qxb6 Qxe5 34. Qxb7 Rab8 35. Ra3 Rxb7 36.
Rxb7 Rc8 37. Raa7 Qf5 38. Rc7 Rxc7 39. Rxc7 f3 40. gxf3 Qf4 41. Rc6 Qxf3 42. Kf1 Qd1+ 43. Kg2 Qg4+ 44. Kf1 Qxh4 45. Ke2 Qe4+ 46. Kd2 h4 47.
Kc3 h3 48. Rb6 0-1

[Event "*** Titled Tuesday Blitz"]
[Site "Chess.com"]
[Date "2020.12.29"]
[Round "10"]
[White "javirec"]
[Black "bogcsab"]
[Result "1-0"]
[WhiteElo "2386"]
[BlackElo "2110"]
[TimeControl "180+1"]
[EndTime "11:55:44 PST"]
[Termination "javirec won on time"]

1. e4 d6 2. d4 Nf6 3. Nc3 g6 4. g3 Bg7 5. Bg2 O-O 6. Nge2 Nbd7 7. O-O e5 8. h3 c6 9. Kh2 Qe7 10. f4 exf4 11. Bxf4 Nh5 12. Bc1 f5 13. exf5 gxf5 14.
Nf4 Nxf4 15. Bxf4 Nf6 16. Qd3 d5 17. Be5 Ne4 18. Bxg7 Qxg7 19. Nxe4 fxe4 20. Rxf8+ Qxf8 21. Qe3 Qg7 22. c4 Be6 23. cxd5 cxd5 24. Rc1 Rc8 25. Rxc8+ Bxc8 26. Qc3 Qd7 27. Qe3 Qf5 28. Qa3 a6 29.
Qe7 Qe6 30. Qxe6+ Bxe6 31. g4 Kg7 32. Kg3 Kg6 33. Kf4 h5 34. Bf1 hxg4 35. hxg4 Kf6 36.
Be2 Bf7 37. g5+ Kg6 38. Bg4 b6 39. a4 a5 40. b3 Bg8 41. Bf5+ Kh5 42. g6 Kh6 43. Kg4 Kg7 44. Kg5 e3 45. Bd3 Be6 46. Kf4 Bd7 47. Kxe3 Kf6 48. Kf4 Be8 49. g7 Kxg7 50.
Ke5 1-0

[Event "*** Titled Tuesday Blitz"]
[Site "Chess.com"]
[Date "2020.12.29"]
[Round "10"]
[White "Witik"]
[Black "Keks2017"]
[Result "0-1"]
[WhiteElo "2708"]
[BlackElo "2581"]
[TimeControl "180+1"]
[EndTime "11:55:47 PST"]
[Termination "Keks2017 won by resignation"]

1. d4 d6 2. e4 Nf6 3. Nc3 e5 4. Nge2 Be7 5. h3 c6 6. g4 b5 7.
Bg2 h5 8. g5 Nfd7 9. h4 b4 10.
Na4 Nb6 11. Nxb6 axb6 12. Ng3 g6 13. f4 Bg4 14. Qd3 Nd7 15. O-O Qc7 16. c3 c5 17.
Be3 bxc3 18. bxc3 exd4 19. cxd4 c4 20. Qc3 d5 21. a4 O-O 22. e5 Qc6 23. f5 Rfd8 24.
Qc2 Nf8 25. Bf3 Bxf3 26. Rxf3 b5 27. Raf1 b4 28. e6 fxe6 29. fxg6 b3 30. Qf2 Nxg6 31.
Nxh5 Rf8 32. Nf6+ Bxf6 33. Rxf6 Qe8 34. h5 Ne7 35. Bf4 Nf5 36. Rg6+ Kh7 37. Be5 Ra7 38. Qb2 Rg8 39. Rxg8 Kxg8 40. g6 Qe7 41. Qg2 c3 42. h6 Nxh6 43. g7 Qxg7 44. Bxg7 Rxg7 45.
Qxg7+ Kxg7 46. a5 c2 47. a6 b2 48. a7 c1=Q 49. a8=Q Qxf1+ 50. Kxf1 b1=Q+ 0-1

[Event "*** Titled Tuesday Blitz"]
[Site "Chess.com"]
[Date "2020.12.29"]
[Round "10"]
[White "paulrusan"]
[Black "Iskusnyh"]
[Result "1/2-1/2"]
[WhiteElo "2290"]
[BlackElo "2566"]
[TimeControl "180+1"]
[EndTime "11:55:48 PST"]
[Termination "Game drawn by agreement"]

1. e4 e6 2. Nf3 d5 3. e5 c5 4. b4 d4 5. bxc5 Bxc5 6. Ba3 Qa5 7. Bxc5 Qxc5 8. c3 Nc6 9. cxd4 Nxd4 10. Qa4+ Nc6 11.
Nc3 Ne7 12. Ne4 Qb4 13. Nd6+ Kf8 14. Qxb4 Nxb4 15. Rc1 Nec6 16. a3 Nd5 17. Bb5 Bd7 18. Nxb7 Nxe5 19. Nxe5 Bxb5 20. Nd6 Be8 21. O-O Ke7 22.
Nxe8 Rhxe8 23. f4 f6 24. Nc6+ Kd6 25. Nd4 Kd7 26. f5 exf5 27. Rc5 Re5 28. Rxf5 Rxf5 29. Nxf5 Nf4 30. g3 Ne6 31. Rd5+ Kc7 32. Rd6 Re8 33. Ra6 Kb7 34. Ra4 Rd8 35. Re4 Ng5 36. Re7+ Kb6 37. h4 Nf3+ 38. Kg2 Ne5 39. Rxg7 Rxd2+ 40. Kh3 h5 41.
Rh7 Ng4 42. Rxh5 Nf2+ 43. Kg2 Ra2 44. Kf3 Nd3 45. Ne3 Rxa3 46. Rf5 Ne5+ 47. Ke4 Nd7 48. Nd5+ Kc6 49. Nxf6 Rxg3 50. Nxd7 Kxd7 51. Rf7+ Ke6 52. Rxa7 Rg4+ 53. Kf3 Rxh4 54. Ra6+ 1/2-1/2

[Event "*** Titled Tuesday Blitz"]
[Site "Chess.com"]
[Date "2020.12.29"]
[Round "10"]
[White "ErikRonka"]
[Black "Chernobay_Artem"]
[Result "0-1"]
[WhiteElo "2377"]
[BlackElo "2613"]
[TimeControl "180+1"]
[EndTime "11:55:49 PST"]
[Termination "Chernobay_Artem won on time"]

1. e4 g6 2. d4 Bg7 3. c4 d6 4. Nc3 e5 5. Nge2 Nc6 6. Be3 Nf6 7. f3 O-O 8. d5 Na5 9. b3 c5 10. Ng3 h5 11. Be2 h4 12. Nf1 Nh5 13. g3 f5 14. exf5 gxf5 15. Qd2 f4 16. Bf2 e4 17.
fxe4 fxg3 18. hxg3 Qf6 19. Bxh5 Qxc3 20. Rd1 h3 21.
Be3 b5 22. cxb5 c4 23. Qxc3 Bxc3+ 24. Ke2 cxb3 25. axb3 Bd7 26. g4 Bxb5+ 27. Rd3 Nxb3 28.
Rxh3 Rxf1 29. Kxf1 Bxd3+ 30. Kg1 Bxe4 31. Bf2 Nd4 32. g5 Rc8 33. Rxc3 Rxc3 34. Bxd4 Rf3 35. Bxa7 Rg3+ 36. Kf2 Rxg5 37. Be2 Rf5+ 38. Ke1 Bxd5 39. Be3 Re5 40. Kd2 Kf7 41. Bd4 Re4 42. Bc3 Rh4 43.
Bd3 Rh2+ 44. Ke3 Rh3+ 45. Kd2 Ke6 46. Bd4 Rh4 47. Bf2 Ra4 48. Ke3 Ra3 49. Kd4 Ra4+ 50. Ke3 Bc4 0-1

[Event "*** Titled Tuesday Blitz"]
[Site "Chess.com"]
[Date "2020.12.29"]
[Round "10"]
[White "Abdimalik_Abdisalimov"]
[Black "annacramling"]
[Result "1-0"]
[WhiteElo "2402"]
[BlackElo "2075"]
[TimeControl "180+1"]
[EndTime "11:55:50 PST"]
[Termination "Abdimalik_Abdisalimov won on time"]

1. d4 Nf6 2. c4 e6 3. Nf3 d5 4. g3 Bb4+ 5. Bd2 Bd6 6. Bg2 c6 7.
O-O Nbd7 8. Nc3 O-O 9. Qc2 dxc4 10.
a4 Re8 11. Rfd1 Qc7 12. e4 e5 13. Rac1 exd4 14. Nxd4 Ne5 15. f4 Nd3 16. Rb1 Bc5 17. Ne2 Qb6 18. Qxc4 Bg4 19. Qxd3 Bxe2 20. Qxe2 Bxd4+ 21.
Kh1 Rad8 22. e5 Nd5 23. b4 Nc3 24. Bxc3 Bxc3 25. b5 c5 26. Rxd8 Rxd8 27. Rd1 Bd4 28. h3 h6 29. Qc4 Qa5 30. Bd5 Rf8 31. e6 fxe6 32. Bxe6+ Kh8 33. Kg2 Qc7 34. Bd5 Re8 35. Bf3 Re3 36. Rd2 Rc3 37. Qe6 Qd8 38. Re2 Rd3 39.
Qe8+ Qxe8 40. Rxe8+ Kh7 41. Be4+ g6 42. Bxd3 Bc3 43.
Bc4 Bb4 44. Re7+ Kh8 45. Rxb7 Bc3 46. Rxa7 Bd4 47. b6 1-0

[Event "*** Titled Tuesday Blitz"]
[Site "Chess.com"]
[Date "2020.12.29"]
[Round "10"]
[White "sergiochess83"]
[Black "ChessWarrior7197"]
[Result "1/2-1/2"]
[WhiteElo "2826"]
[BlackElo "2926"]
[TimeControl "180+1"]
[EndTime "11:55:52 PST"]
[Termination "Game drawn by agreement"]

1. d4 d5 2. c4 e6 3. Nc3 c5 4. cxd5 exd5 5. Nf3 Nc6 6. g3 Nf6 7. Bg2 cxd4 8. Nxd4 Bc5 9. Nxc6 bxc6 10. O-O O-O 11. b3 Ba6 12. Na4 Bb6 13. Bb2 Re8 14. Re1 Bb5 15.
Nxb6 axb6 16. a4 Ba6 17. Rc1 Rc8 18. Qd2 Ne4 19. Qd4 f6 20. Bh3 c5 21. Bxc8 cxd4 22. Bxa6 Nc5 23. Bb5 Nxb3 24. Rcd1 Re4 25. Rd3 Nc5 26. Rxd4 Rxd4 27. Bxd4 Ne6 28. Rd1 Kf7 29.
e3 h5 30. h4 g5 31. hxg5 fxg5 32. Be5 Qa8 33. Rc1 Nc5 34. Bd4 h4 35. Bxc5 bxc5 36. Rxc5 Kf6 37. Rc7 Qa5 38. Rc2 h3 39. Kh2 g4 40.
Be2 Kg5 41. Rb2 Qe1 42. f4+ gxf3 43. Bxf3 Qxe3 44. Bxd5 Kg4 45. Rb4+ Kg5 46. Rb5 Kg4 47. Rb4+ Kf5 48. Rb5 Qh6 49. Be6+ Ke4 50. Bxh3 Kd4 51. Rb4+ Kc5 52. Rf4 1/2-1/2

[Event "*** Titled Tuesday Blitz"]
[Site "Chess.com"]
[Date "2020.12.29"]
[Round "10"]
[White "Jungle_Jaguar"]
[Black "elamier"]
[Result "1-0"]
[WhiteElo "2623"]
[BlackElo "2438"]
[TimeControl "180+1"]
[EndTime "11:55:52 PST"]
[Termination "Jungle_Jaguar won by resignation"]

1. e4 c5 2. Nf3 Nc6 3. Bb5 g6 4.
Bxc6 dxc6 5. h3 Bg7 6. d3 Nf6 7.
Nc3 Nd7 8. Be3 e5 9. Qd2 O-O 10. Bh6 Re8 11. O-O Nf8 12. Bxg7 Kxg7 13. Ne2 Qc7 14. Qc3 f6 15. Qxc5 Ne6 16. Qc3 c5 17. Qd2 Nd4 18. Nh2 Be6 19. c3 Nxe2+ 20. Qxe2 Rad8 21.
Rfd1 Rd7 22. Nf3 Red8 23. Ne1 Qb6 24. b3 Qa6 25. Qe3 b6 26. f4 exf4 27. Qxf4 Qa5 28. Qd2 b5 29. Qc2 b4 30. c4 f5 31.
Qb2+ Kg8 32. Qe5 Qb6 33. Nf3 Qd6 34. Qxd6 Rxd6 35. e5 Rxd3 36. Re1 h6 37. Kf2 Kf7 38. Re2 g5 39. Ne1 Rd2 40. a3 a5 41. axb4 axb4 42.
Ra7+ R8d7 43. Ra5 Rxe2+ 44. Kxe2 Rc7 45. Nd3 f4 46. Rxc5 Ra7 47. Nxb4 Rb7 48. Rb5 Rxb5 49. cxb5 Bxb3 50. b6 Bc4+ 51. Kd2 1-0

[Event "*** Titled Tuesday Blitz"]
[Site "Chess.com"]
[Date "2020.12.29"]
[Round "10"]
[White "J36225"]
[Black "Denis_Palkovich"]
[Result "1-0"]
[WhiteElo "2460"]
[BlackElo "2315"]
[TimeControl "180+1"]
[EndTime "11:55:54 PST"]
[Termination "J36225 won on time"]

1. e4 c6 2. Nf3 d5 3. Nc3 dxe4 4. Nxe4 Nf6 5. Qe2 Nxe4 6. Qxe4 Qd5 7. Qh4 Bf5 8. Bc4 Qd6 9. d3 e6 10. O-O Be7 11. Qg3 Qxg3 12. hxg3 Nd7 13. Bf4 Nb6 14. Bb3 a5 15. a4 Nd5 16. Be5 Bf6 17. Bxd5 cxd5 18. Bxf6 gxf6 19. Nd4 Bg6 20. Ra3 Rc8 21. Rb3 e5 22. Nb5 O-O 23. Rc3 d4 24. Rxc8 Rxc8 25.
Na3 Rc6 26. f3 b6 27. b3 Kf8 28. Kf2 Ke7 29. Nc4 Bf5 30. g4 Be6 31. Rh1 Bxc4 32.
bxc4 Rc8 33. Rxh7 Rf8 34. f4 Kd6 35. Rh1 Kc5 36. Rb1 exf4 37. Rb5+ Kc6 38. Rf5 Re8 39.
Rxf6+ Kc5 40. Rxf7 Kb4 41. Rxf4 Rd8 42. Rf6 Kxa4 43.
Rxb6 Ka3 44. Ra6 a4 45. g5 Rg8 46. g6 Kb2 47. Rxa4 Rxg6 48. c5 Kxc2 49. Rxd4 Kc3 50. Rd6 Kb4 51. Rxg6 1-0

[Event "*** Titled Tuesday Blitz"]
[Site "Chess.com"]
[Date "2020.12.29"]
[Round "10"]
[White "mat_kolosowski"]
[Black "andriipalchuk"]
[Result "1-0"]
[WhiteElo "2689"]
[BlackElo "2491"]
[TimeControl "180+1"]
[EndTime "11:55:55 PST"]
[Termination "mat_kolosowski won by resignation"]

1. e4 c6 2. d4 d5 3. e5 c5 4. dxc5 e6 5. a3 Bxc5 6. b4 Bb6 7. Nf3 Nc6 8. Bd3 Nge7 9. O-O Ng6 10. Re1 O-O 11. Bb2 f6 12. exf6 gxf6 13. c4 Nf4 14. cxd5 Qxd5 15. Bf1 Qxd1 16. Rxd1 e5 17. Nbd2 Bg4 18.
Bc4+ Kg7 19. b5 Na5 20. Bf1 Rad8 21. Rac1 Kg6 22. h3 Be6 23. Ne4 Bd5 24. Re1 Nb3 25. Rc2 Rc8 26. Rxc8 Rxc8 27. g3 Ne6 28. Nh4+ Kg7 29.
Nc3 Ba5 30. Nf5+ Kf8 31. Re3 Bc4 32. Bg2 Bb6 33. Re1 Nbc5 34. Nd6 Rc7 35. Nxc4 Nd3 36.
Re4 Nxf2 37. Nxb6 Nxe4 38. Nbd5 Nxc3 39. Nxc7 Nxc7 40. Bxc3 Nxb5 41. Bb4+ Kf7 42. Bxb7 Nd4 43. Be4 f5 44. Bd5+ Kf6 45. Kg2 h5 46. Bc3 Nb5 47. Bb2 Nc7 48. Bc4 a6 49. a4 h4 50.
gxh4 f4 51. Bc3 Kf5 52. h5 e4 53. h6 Kg6 54. Bg7 Ne8 55. Bxa6 Nd6 56. Kf2 Nf5 57. Bb7 Ng3 1-0

[Event "*** Titled Tuesday Blitz"]
[Site "Chess.com"]
[Date "2020.12.29"]
[Round "10"]
[White "CM_rui"]
[Black "UCantHandleDenker"]
[Result "0-1"]
[WhiteElo "2349"]
[BlackElo "2545"]
[TimeControl "180+1"]
[EndTime "11:55:55 PST"]
[Termination "UCantHandleDenker won on time"]

1. e4 d6 2. d4 Nf6 3. f3 g6 4. c4 Bg7 5. Nc3 O-O 6. Nge2 c5 7. Be3 Nc6 8. Qd2 b6 9. Rc1 e6 10. h4 Ba6 11. b3 Rc8 12. Rd1 h5 13. d5 exd5 14.
Nxd5 Nxd5 15. Qxd5 Nb4 16. Qxd6 Nc2+ 17. Kf2 Nxe3 18. Kxe3 Qxd6 19. Rxd6 Rfd8 20. Rd5 Bb7 21. Nf4 Bxd5 22. Nxd5 Bd4+ 23. Kf4 Kg7 24. Bd3 f6 25. g4 Rh8 26. g5 fxg5+ 27. Kxg5 Rcf8 28. f4 Rd8 29. e5 Rhe8 30. Bxg6 Re6 31. Bxh5 Bxe5 32.
fxe5 Rxe5+ 33. Kg4 Kh6 34. Bf7 Rf8 35. Rf1 Re4+ 36.
Kg3 Kg7 37. h5 Rxf7 38. h6+ Kg6 39. Rxf7 Kxf7 40. h7 Kg7 41. Kf3 Rh4 42. Ke3 Rxh7 43.
Ke4 Kf7 44. Ke5 Ke8 45. Kd6 Kd8 46. Kc6 Kc8 47. Kb5 Kb7 48. Ka4 a6 49. a3 Rh2 50.
Nc3 Kc6 51. Nd5 Rb2 52. Nc3 Rc2 53. Ne4 Ra2 54. Nc3 Ra1 55. Nd5 b5+ 0-1

[Event "*** Titled Tuesday Blitz"]
[Site "Chess.com"]
[Date "2020.12.29"]
[Round "10"]
[White "djano"]
[Black "maximnovik"]
[Result "0-1"]
[WhiteElo "2454"]
[BlackElo "2603"]
[TimeControl "180+1"]
[EndTime "11:55:58 PST"]
[Termination "maximnovik won by resignation"]

1. e4 c6 2. d4 d5 3. exd5 cxd5 4.
Bd3 Nc6 5. c3 Nf6 6. Bf4 Bg4 7.
Qb3 Qc8 8. Nd2 e6 9. h3 Bh5 10.
Ngf3 Bg6 11. Bxg6 hxg6 12. O-O Be7 13. Rae1 O-O 14. Ne5 Nd7 15. Ndf3 Ndxe5 16. Nxe5 Nxe5 17. Bxe5 Bf6 18. Re3 Bxe5 19. Rxe5 Qd7 20. Rfe1 b5 21.
a3 a5 22. h4 Rab8 23. h5 gxh5 24. Rxh5 g6 25. Rh3 Kg7 26. Qd1 Rh8 27. Rxh8 Rxh8 28.
Qf3 Qd8 29. g3 Qf6 30. Qe2 Qf5 31. Qe5+ Qxe5 32. dxe5 b4 33. cxb4 axb4 34. a4 b3 35. Ra1 Ra8 36. a5 Kf8 37. Kf1 Ke7 38. Ke2 Kd7 39. Kd3 Kc6 40. Ra3 Ra7 41. Kc3 Kb5 42.
Rxb3+ Kxa5 43. Kd3 Ka6 44. f4 Rb7 45. Ra3+ Kb6 46.
Kc2 Kc5 47. Ra4 d4 48. Ra5+ Kc4 49. Ra4+ Kd5 50. b4 Ke4 51. Kb3 d3 52. b5+ Ke3 53. Kc4 d2 54. Ra1 Rc7+ 55. Kb3 Rc1 0-1

[Event "*** Titled Tuesday Blitz"]
[Site "Chess.com"]
[Date "2020.12.29"]
[Round "10"]
[White "wonderfultime"]
[Black "SantoBlue"]
[Result "0-1"]
[WhiteElo "2999"]
[BlackElo "2892"]
[TimeControl "180+1"]
[EndTime "11:55:59 PST"]
[Termination "SantoBlue won by resignation"]

1. d4 g6 2. Nf3 Bg7 3. c3 d6 4. Bg5 Nf6 5. Nbd2 Nbd7 6. e4 h6 7. Bh4 g5 8. Bg3 Nh5 9. Bc4 e6 10. Ng1 Nxg3 11. hxg3 c5 12. d5 Ne5 13. dxe6 fxe6 14.
Ngf3 Nxc4 15. Nxc4 d5 16. Ne3 d4 17. cxd4 cxd4 18.
Nc4 O-O 19. O-O b6 20. Qd3 Ba6 21. Rfd1 Rc8 22. Rac1 Qe7 23. Qb3 Rfd8 24. Nce5 Be2 25. Rxc8 Rxc8 26. Re1 Ba6 27. Qa4 Bb7 28. Qxa7 Qc7 29. Nc4 Ra8 30. Qxb6 Qxb6 31. Nxb6 Rxa2 32. Nc4 d3 33. e5 Bd5 34. Nfd2 Bf8 35. Re3 Ra1+ 36.
Kh2 Rd1 37. b3 Bc5 38. Rxd3 Bxf2 39. Nb2 Ra1 40. Nf3 g4 41. Rd1 Ra2 42. Rd2 gxf3 43.
Rxf2 fxg2 44. Nd1 Ra1 45. Rd2 Rb1 46. b4 Bf3 47. b5 Rxd1 48. Rxd1 Bxd1 49. Kxg2 Ba4 50.
b6 Bc6+ 51. Kh3 Kf7 52. Kh4 Kg6 53. g4 Bb7 54. Kh3 Kg5 55. Kg3 Bd5 56. Kh3 h5 57. gxh5 Kxh5 0-1

[Event "*** Titled Tuesday Blitz"]
[Site "Chess.com"]
[Date "2020.12.29"]
[Round "10"]
[White "EugeneRougon"]
[Black "Alexandr_Kholin"]
[Result "1-0"]
[WhiteElo "2766"]
[BlackElo "2572"]
[TimeControl "180+1"]
[EndTime "11:56:00 PST"]
[Termination "EugeneRougon won on time"]

1. e4 c6 2. d4 d5 3. Nc3 dxe4 4. Nxe4 Bf5 5. Ng3 Bg6 6. h4 h6 7. Nf3 Nd7 8. h5 Bh7 9. Bd3 Bxd3 10. Qxd3 Ngf6 11.
Bd2 e6 12. O-O-O Be7 13. Ne4 Nxe4 14. Qxe4 Nf6 15. Qd3 Qd5 16. c4 Qe4 17. Qb3 b5 18.
Rde1 Qg4 19. Ne5 Qxg2 20. Rhg1 Qh2 21. Nxc6 Bd6 22. Rxg7 Kf8 23. Rgg1 bxc4 24. Qb7 Re8 25. Bb4 Nd5 26. Ne5 Qf4+ 27. Bd2 Bxe5 28. dxe5 Qh4 29. Qxa7 c3 30. bxc3 Qc4 31. Qa3+ Ne7 32. Be3 Rc8 33. Bd2 Ke8 34. Rg3 Nd5 35. Qb3 Kd7 36.
Qxc4 Rxc4 37. Kc2 Rhc8 38. Rc1 Nb4+ 39. Kb3 Nd5 40. Rd3 Ke7 41. f3 Rh4 42. c4 Nf4 43. Bb4+ Ke8 44. Rd4 Ng2 45. Rxh4 Nxh4 46. Rg1 Nxf3 47.
Rg8+ Kd7 48. Rg7 Nxe5 49. Rh7 Nxc4 50. Rxf7+ Ke8 51. Rf8+ Kd7 52. Rxc8 Kxc8 53. Kxc4 1-0

[Event "*** Titled Tuesday Blitz"]
[Site "Chess.com"]
[Date "2020.12.29"]
[Round "10"]
[White "Eloist"]
[Black "Neftegor"]
[Result "0-1"]
[WhiteElo "2350"]
[BlackElo "2549"]
[TimeControl "180+1"]
[EndTime "11:56:00 PST"]
[Termination "Neftegor won on time"]

1. e4 e6 2. d4 d5 3. Nd2 Be7 4. e5 c5 5. c3 cxd4 6. cxd4 Qb6 7.
Ndf3 Bd7 8. Ne2 Bb5 9. Nf4 Nc6 10. Nh5 g6 11. Nf4 h5 12. Bd3 Bb4+ 13. Kf1 Qa6 14. g3 Nh6 15. Kg2 Bxd3 16. Nxd3 Nf5 17. Bg5 Qb6 18. Rc1 Bf8 19. b4 a6 20. a3 a5 21. Nc5 axb4 22. axb4 Bxc5 23. bxc5 Qa6 24.
Rb1 Kd7 25. Qb3 Rhb8 26. Rhd1 Qa4 27. Qd3 Qc4 28. Qd2 Ra2 29. Rb2 Rxb2 30. Qxb2 Qb4 31. Qa1 Qa5 32. Qb2 Qa4 33. Ra1 Qb4 34. Qxb4 Nxb4 35.
h3 Nc6 36. Ra4 Kc7 37. g4 hxg4 38.
hxg4 Nfe7 39. Be3 Nc8 40. Ng5 b6 41. Nxf7 b5 42. Ra1 b4 43. Nh8 b3 44. Rb1 g5 45.
Nf7 N8e7 46. Nxg5 Ng6 47. Nxe6+ Kd7 48. Ng5 Nh4+ 49. Kg3 Ng6 50. f4 Rb4 51. f5 Ngxe5 52. dxe5 Nxe5 53. Bf4 Nd3 54. Be3 d4 0-1

[Event "*** Titled Tuesday Blitz"]
[Site "Chess.com"]
[Date "2020.12.29"]
[Round "10"]
[White "ChristopherYoo"]
[Black "olksuna"]
[Result "1-0"]
[WhiteElo "2871"]
[BlackElo "2643"]
[TimeControl "180+1"]
[EndTime "11:56:06 PST"]
[Termination "ChristopherYoo won by resignation"]

1. d4 d5 2. c4 Nc6 3. Nf3 dxc4 4.
e3 e5 5. Bxc4 Bb4+ 6. Nc3 exd4 7.
exd4 Nge7 8. O-O O-O 9. h3 Nf5 10. d5 Na5 11. Bb5 Bd7 12. Bd3 c6 13. dxc6 Nxc6 14.
Bg5 Qa5 15. Ne4 h6 16. Bf4 Rad8 17. a3 Be7 18. b4 Qb6 19. Nc3 Ncd4 20. Nd5 Nxf3+ 21.
Qxf3 Bc6 22. Nxb6 Bxf3 23. Bxf5 Be2 24. Rfe1 Bf6 25. Rac1 Bb5 26. Nc8 a6 27. Nd6 Bc6 28. Be4 Bxe4 29. Rxe4 Bb2 30. Rc7 Bxa3 31. Rxb7 a5 32. Nc4 Bxb4 33. Ne5 Rfe8 34. f3 f6 35. Nc6 Rxe4 36. fxe4 Rd1+ 37. Kh2 Rb1 38. Nxa5 Rf1 39. Rxb4 Rxf4 40. Nc6 Rf1 41. Ne7+ Kh7 42. Nf5 g6 43. Rb7+ Kh8 44. Nxh6 f5 45. exf5 gxf5 46. Rf7 f4 47. h4 Re1 48. Rxf4 Rc1 49. Nf5 Rb1 50. g3 Kh7 51.
Kh3 Kg6 52. Kg4 Rg1 53. h5+ Kh7 54. Re4 Kh8 55. Kg5 Ra1 56. g4 Ra6 57. Re7 Rc6 58.
Nd4 Rd6 59. Ne6 Rd5+ 60. Kg6 Rd8 61. Nxd8 1-0

[Event "*** Titled Tuesday Blitz"]
[Site "Chess.com"]
[Date "2020.12.29"]
[Round "10"]
[White "FlySooHigh"]
[Black "Macron20hTF1"]
[Result "1/2-1/2"]
[WhiteElo "2653"]
[BlackElo "2506"]
[TimeControl "180+1"]
[EndTime "11:56:08 PST"]
[Termination "Game drawn - insufficient material"]

1. e4 g6 2. d4 Bg7 3. Nc3 d6 4. f4 a6 5. Nf3 b5 6. Bd3 Nd7 7. O-O c5 8. Be3 Bb7 9. Kh1 Qc7 10. e5 Nh6 11. exd6 exd6 12. dxc5 dxc5 13. f5 O-O 14. fxg6 hxg6 15. Qd2 Ng4 16. Bf4 Nde5 17. Be4 Rad8 18. Qe1 Rfe8 19. Qh4 b4 20. Bxb7 Qxb7 21. Na4 Qc6 22. Ng5 Nh6 23. b3 f6 24. Bxe5 Rxe5 25.
Nf3 Re4 26. Qg3 Kh7 27. Nb2 Re3 28. Nc4 Rc3 29. Rf2 Nf5 30. Qh3+ Kg8 31. Raf1 Nd4 32.
Rg1 Nxf3 33. gxf3 g5 34. Qg3 Bf8 35. Qg4 Qd7 36. h4 Qxg4 37. Rxg4 Bh6 38. hxg5 fxg5 39.
f4 Rh3+ 40. Kg2 Rh4 41. Rxh4 gxh4 42. Kf3 Kf7 43. Ne5+ Ke6 44. Ng4 Bg7 45. Re2+ Kf7 46. Rh2 Rd1 47. Rxh4 Ra1 48. Rh2 Rxa2 49. Ne3 a5 50.
Nc4 a4 51. bxa4 b3 52. Ke4 bxc2 53. Rh1 Ra1 54. Rxa1 Bxa1 55. Ne5+ Kg8 56. Nd3 c4 57. Nc1 Bb2 58. Ne2 c1=Q 59. Nxc1 Bxc1 60. Kd4 Bxf4 61.
Kxc4 Bd2 62. Kb5 Kf7 63. a5 Bxa5 1/2-1/2

[Event "*** Titled Tuesday Blitz"]
[Site "Chess.com"]
[Date "2020.12.29"]
[Round "10"]
[White "AryanTari"]
[Black "Sharpchess22"]
[Result "1/2-1/2"]
[WhiteElo "2895"]
[BlackElo "2821"]
[TimeControl "180+1"]
[EndTime "11:56:10 PST"]
[Termination "Game drawn by repetition"]

1. e4 c6 2. d4 d5 3. e5 Bf5 4. Nd2 e6 5. Nb3 Nd7 6. Nf3 Ne7 7. Be2 h6 8. a4 a5 9. O-O Qc7 10. Bd2 Bh7 11. Rc1 Nf5 12. c4 dxc4 13. Bxc4 Be7 14. Qe1 Nh4 15. Nxh4 Bxh4 16. Bxa5 Qb8 17. Bb4 Rxa4 18.
Bd6 Qa8 19. d5 exd5 20. Bxd5 cxd5 21. e6 Nf6 22. Rc7 Ne4 23. exf7+ Kd8 24. Nc5 Nxc5 25. Rxc5 Kd7 26. Qe5 Rc4 27. Qxd5 b5 28. Qxa8 Rxa8 29. Rxc4 bxc4 30. f8=Q Rxf8 31. Bxf8 Bf6 32. Ba3 Kc6 33. Re1 Kb5 34. Re8 Ka4 35. Ra8+ Kb3 36. Rb8+ Kc2 37. g4 Be5 38. Rb5 Bf6 39. Kg2 Bd3 40. Rb4 Be5 41. Rb5 Bf6 42. f3 Bd4 43. Rb4 Be5 44. Rb5 Bd4 45.
Rb7 Be5 46. Bc5 Bxb2 47. Kg3 Bf6 48. f4 c3 49. Bb4 Kd1 50. Rd7 Ke2 51. g5 hxg5 52.
fxg5 Bxg5 53. Bxc3 g6 54. Rd6 Bf5 55. Be5 Be3 56.
Bf4 Bf2+ 57. Kg2 Be4+ 58. Kh3 Bf5+ 59. Kg2 Be4+ 60. Kh3 Bf5+ 61. Kg2 1/2-1/2

[Event "*** Titled Tuesday Blitz"]
[Site "Chess.com"]
[Date "2020.12.29"]
[Round "10"]
[White "CSB7"]
[Black "K_A_S_T_O_R"]
[Result "0-1"]
[WhiteElo "2630"]
[BlackElo "2807"]
[TimeControl "180+1"]
[EndTime "11:56:10 PST"]
[Termination "K_A_S_T_O_R won by resignation"]

1. e4 c5 2. Nf3 d6 3. Bb5+ Bd7 4. Bxd7+ Nxd7 5. O-O Ngf6 6. Qe2 Rc8 7. c3 e6 8. d4 cxd4 9. cxd4 d5 10. e5 Ng8 11.
Nc3 Ne7 12. Bg5 a6 13. Rfe1 Nb6 14. Rac1 Qd7 15. Qd3 Nc6 16. Ne2 h6 17. Bd2 Nc4 18. Bc3 Be7 19. b3 Na3 20. Nf4 O-O 21. Nh5 Nb5 22.
Bd2 Nb4 23. Qe3 Nc2 24. Rxc2 Rxc2 25. Nxg7 Rxd2 26. Nh5 Kh7 27. Qxd2 Rc8 28. Rc1 Rc6 29. g3 Qc8 30. Rxc6 Qxc6 31. Qf4 Qe8 32. h4 Nc3 33. Kg2 Nxa2 34. Nf6+ Bxf6 35. exf6 Nb4 36. g4 Nc6 37. g5 Qg8 38. Qc7 Qe8 39. Ne5 Nxe5 40. dxe5 hxg5 41.
hxg5 Kg6 42. f4 Kf5 43. Kf3 Qc6 44. Qxf7 Qc3+ 45. Kf2 Qd2+ 46. Kg3 Qxf4+ 47. Kg2 Qxg5+ 48. Kh2 Kxe5 49. Qxb7 Qxf6 50. Qxa6 Qf4+ 51. Kh1 Qf3+ 52. Kh2 Qf2+ 53. Kh3 Qf3+ 54. Kh4 Qxb3 55. Qa1+ d4 56. Qe1+ Kd6 57. Kg4 Qd5 58. Kf4 Qf5+ 59. Kg3 Qe5+ 60. Qxe5+ Kxe5 0-1

[Event "*** Titled Tuesday Blitz"]
[Site "Chess.com"]
[Date "2020.12.29"]
[Round "10"]
[White "Trickov"]
[Black "zajka-molotok"]
[Result "0-1"]
[WhiteElo "2325"]
[BlackElo "2485"]
[TimeControl "180+1"]
[EndTime "11:56:10 PST"]
[Termination "zajka-molotok won on time"]

1. d4 Nf6 2. Nf3 g6 3. g3 Bg7 4.
Bg2 O-O 5. c4 d6 6. Nc3 c6 7.
O-O Bf5 8. Nh4 Bd7 9. Nf3 Bf5 10. Nh4 Bd7 11. Nf3 Na6 12. e4 b5 13. cxb5 cxb5 14. e5 Ne8 15. exd6 Nxd6 16. Ne5 Rc8 17. Qe2 Nc7 18.
Nxd7 Qxd7 19. Rd1 b4 20. Nd5 Nxd5 21. Bxd5 Nf5 22. Qe4 e6 23. Bb3 Nxd4 24. Be3 Rfd8 25. Rd2 Qc6 26. Qxc6 Rxc6 27. Bxd4 Rxd4 28. Rxd4 Bxd4 29.
Rd1 Bxb2 30. Rd7 a5 31. f4 Rc5 32. Kg2 h5 33. h4 Bf6 34. Ra7 Kf8 35. Ba4 Bd4 36. Rb7 Bc3 37. Rb5 Rxb5 38. Bxb5 Ke7 39. Kf3 f6 40. g4 hxg4+ 41. Kxg4 f5+ 42. Kg5 Bf6+ 43. Kxg6 Bxh4 44. Ba4 Kd6 45. Kf7 Bg3 46. Bb3 e5 47. fxe5+ Bxe5 48. Kg6 f4 49. Kf5 f3 50. Ke4 f2 51. Bc4 Kc5 0-1

[Event "*** Titled Tuesday Blitz"]
[Site "Chess.com"]
[Date "2020.12.29"]
[Round "10"]
[White "VerdeNotte"]
[Black "esapunov"]
[Result "1/2-1/2"]
[WhiteElo "2884"]
[BlackElo "2710"]
[TimeControl "180+1"]
[EndTime "11:56:15 PST"]
[Termination "Game drawn - insufficient material"]

1. e4 c5 2. Nc3 d6 3. d4 cxd4 4. Qxd4 a6 5. b3 e6 6. Bb2 Nf6 7.
O-O-O Be7 8. e5 dxe5 9. Qxe5 Nbd7 10. Qg3 O-O 11. Ne4 Kh8 12. Nf3 b5 13. Nd6 Nh5 14. Qg4 Nhf6 15. Qd4 Qb6 16. Nxc8 Raxc8 17. Qxb6 Nxb6 18. Bd3 Nfd5 19. a3 Bf6 20. Bxf6 gxf6 21. Kb2 Rc7 22. Rd2 Rfc8 23. Be4 Nc3 24. Re1 Kg7 25. Nd4 f5 26. Bxf5 exf5 27. Nxf5+ Kf6 28. Nd6 Rg8 29. Ne8+ Rxe8 30. Rxe8 Rc6 31. f4 Kf5 32. g3 Kg4 33. Rg8+ Kh3 34. g4 Nbd5 35. Rd3+ Kh4 36.
Rg7 h6 37. g5 hxg5 38. fxg5 a5 39. Rd4+ Kh3 40. Rxf7 b4 41. axb4 axb4 42. Rf3+ Kxh2 43.
Rxb4 Nd1+ 44. Kc1 Nxb4 45. Kxd1 Kg2 46. Rf6 Rc8 47. c4 Nd3 48. Kc2 Ne5 49. Rf5 Nxc4 50. bxc4 Rxc4+ 51. Kd3 Rc8 52. Ke4 Kg3 53. Rf1 Kg4 54.
Rg1+ Kh5 55. g6 Kh6 56. Kf5 Rf8+ 57. Ke6 Kg7 58. Ke7 Rf6 59. Rh1 Rxg6 60. Rh2 Rg5 61. Re2 Rg6 62. Re6 Rxe6+ 63. Kxe6 1/2-1/2